 Dungeon Crawl Stone Soup version 0.18-a0-917-g8a3da5b (webtiles) character file.

10 suvakkihuora the Grasshopper (level 2, -5/14 HPs)
             Began as a Spriggan Warper on Dec 26, 2015.
             Slain by an ice beast (8 damage)
             ... on level 5 of the Dungeon.
             The game lasted 00:03:26 (632 turns).

suvakkihuora the Grasshopper (Spriggan Warper)       Turns: 632, Time: 00:03:28

Health: -5/14      AC:  2    Str: 12      XL:     2   Next: 10%
Magic:  6/6        EV: 18    Int: 14      God:
Gold:   72         SH:  0    Dex: 12 (15) Spells: 1 memorised, 5 levels left

rFire  . . .     SeeInvis +     a - +0 short sword
rCold  . . .     Gourm    .     b - +0 robe
rNeg   . . .     Faith    .     (shield restricted)
rPois  .         Spirit   .     (helmet restricted)
rElec  .         Dismiss  .     (no cloak)
rCorr  .         Reflect  .     (gloves unavailable)
SustAt .         Harm     .     (boots unavailable)
MR     .....                    (no amulet)
Stlth  ++........               (no ring)
                                (no ring)

@: mighty, very quick, not resistant to hostile enchantments, unstealthy
A: unfitting armour, see invisible, herbivore 3, speed 3, slow metabolism 2
a: no special abilities


You were on level 5 of the Dungeon.
You were not hungry.

You visited 1 branch of the dungeon, and saw 6 of its levels.

You collected 72 gold pieces.

Inventory:

Hand Weapons
 a - a +0 short sword (weapon)
 h - a +0 mace of crushing
Missiles
 e - 5 tomahawks of dispersal (quivered)
Armour
 b - a +0 robe (worn)
Wands
 m - a wand of digging (15/24)
Scrolls
 d - a scroll of blinking
 g - 2 scrolls of identify {unknown}
 j - a scroll of remove curse {unknown}
 l - a scroll of magic mapping {unknown}
Books
 c - a book of Spatial Translocations

   Spells                             Type                      Level
   a - Apportation                    Translocation                1
   b - Blink                          Translocation                2
   c - Shroud of Golubria             Charms/Translocation         2
   d - Portal Projectile              Translocation                3
   e - Teleport Other                 Translocation                3
   f - Passage of Golubria            Translocation                4
Comestibles
 f - 2 bread rations


   Skills:
 - Level 1.5 Fighting
 - Level 2.1 Short Blades
 - Level 1.0 Throwing
 - Level 3.5 Dodging
 * Level 3.0 Stealth
 - Level 2.6 Spellcasting
 - Level 4.4 Translocations


You had 5 spell levels left.
You knew the following spells:

 Your Spells              Type           Power        Failure   Level  Hunger
a - Apportation           Tloc           ##........   3%          1    #......


Dungeon Overview and Level Annotations

Branches:
Dungeon (6/15)
 Temple: D:4-7

Altars:
Qazlal

Annotations:
D:5 Edmund


Innate Abilities, Weirdness & Mutations

You are tiny and cannot use many weapons and most armour.
You have supernaturally acute eyesight.
You are a herbivore.
You cover ground extremely quickly.
You need consume almost no food.


Message History

The shadow imp shouts, "Repent, thou bawdy earth-vexing creepsneak!"
Found a pair of boots.
There is an open door here.
As you close the door, it creaks loudly!
Unknown command.
Something unseen opens the door.
Drink which item? (? for menu, Esc to quit)
It was a potion of might.
You feel very mighty all of a sudden.
Drink which item? (? for menu, Esc to quit)
It was a potion of degeneration.
There was something very wrong with that liquid.
You feel clumsy.
You puncture the ice beast!
The ice beast is heavily wounded.
The ice beast hits you.
* * * LOW HITPOINT WARNING * * *
The ice beast freezes you!
Ouch! That really hurt!
You die...

...... #.(.... #......#
#......# #############
....... #........[..#
#..... #...........#
#..... +...........#
#..... #....5SY@...#
#..... ###'##########
#..... #..S.5.....#
#.Z... #..........#
#####.....
#..........###.........
#...........#...#..#.##
##......J..###S###.#.#
#..........#...#..#.#
#........#...#..[#...#


You could see an ice beast, an adder and a shadow imp.

Vanquished Creatures
  An ooze (D:1)
  A giant gecko (D:1)
  A goblin (D:1)
  A bat (D:1)
  A kobold (D:1)
  A rat (D:1)
6 creatures vanquished.

Notes
Turn   | Place    | Note
--------------------------------------------------------------
     0 | D:1      | suvakkihuora the Spriggan Warper began the quest for the Orb.
     0 | D:1      | Reached XP level 1. HP: 10/10 MP: 5/5
   128 | D:1      | You fall through a shaft!
   215 | D:1      | Reached skill level 1 in Stealth
   247 | D:1      | Reached XP level 2. HP: 8/14 MP: 6/6
   527 | D:5      | Entered Level 5 of the Dungeon
   535 | D:6      | Noticed an ogre
   550 | D:5      | Noticed Edmund
   580 | D:5      | Found a stormy altar of Qazlal.
   622 | D:5      | Noticed an ice beast
   632 | D:5      | Slain by an ice beast

Vault maps used:
D:1:      zaba_arrival_water
D:2:      kennysheep_goblin_castle, lemuel_coloured_pillars_altar, led_sif_pool,
          first_bread
D:3:      glass_columns_c, uniq_robin
D:4:      elyvilon_altar_3, minmay_surrounded, uniq_duvessa
D:5:      kennysheep_mini_moat, kennysheep_doodads, uniq_edmund
D:6:      slow_altar_1

Action                   || total
-------------------------++-------
Melee: Mace              ||    10
       Short sword       ||     5
  Use: Potion            ||     2
 Stab: Sleeping          ||     1
